APL (24 & UNDER)
BEAVERTON BRONZE SOULS @ EL PASO TEXANS
08/23/2028
 
TOP OF THE 1ST
Beaverton Bronze Souls batting - Pitching for El Paso Texans : RHP Carlos Sánchez
Pitching: RHP Carlos Sánchez
Batting: RHB Rubén Ramírez 0-0: Ball
1-0: Ball
2-0: Called Strike
2-1: Foul Ball, location: 2F
2-2: Strikes out swinging
Batting: LHB Gabriel Aguilera 0-0: Ball
1-0: Foul Ball, location: 2F
1-1: Foul Ball, location: 2F
1-2: Ball
2-2: Foul Ball, location: 2F
2-2: Strikes out swinging
Batting: RHB José Dávila 0-0: Ball
1-0: Called Strike
1-1: Ball
2-1: Ground out 4-3 (Groundball, 4)
Top of the 1st over - 0 run(s), 0 hit(s), 0 error(s), 0 left on base; Beaverton 0 - El Paso 0
BOTTOM OF THE 1ST
El Paso Texans batting - Pitching for Beaverton Bronze Souls : RHP Ben Hepworth
Pitching: RHP Ben Hepworth
Batting: LHB Mark Spencer 0-0: Ball
1-0: Ball
2-0: DOUBLE (Groundball, 3L)
Pinch Runner at 2nd Rafael Crus:
Batting: RHB Cole Boehmer 0-0: Ball
1-0: Ball
2-0: SINGLE (Flyball, 8LS)
Rafael Crus to third
Runner from 3rd tries for Home, SAFE, no throw
Batting: RHB Marvin Johnson 0-0: Ball
1-0: Called Strike
1-1: Called Strike
1-2: Ground out U3 (Groundball, 34)
Cole Boehmer to second
Batting: RHB José Murillo 0-0: Called Strike
0-1: Called Strike
0-2: Foul Ball, location: 2F
0-2: Ball
1-2: Ball
2-2: Strikes out swinging
Batting: RHB Javier Álvarez 0-0: Called Strike
0-1: Swinging Strike
0-2: Strikes out swinging
Bottom of the 1st over - 1 run(s), 2 hit(s), 0 error(s), 1 left on base; Beaverton 0 - El Paso 1
TOP OF THE 2ND
Beaverton Bronze Souls batting - Pitching for El Paso Texans : RHP Carlos Sánchez
Now in CF: Rafael Crus
Batting: RHB Vincente López 0-0: Called Strike
0-1: Ball
1-1: Ball
2-1: Ball
3-1: Base on Balls
Batting: RHB Pedro Rivera 0-0: Foul Ball, location: 2F
0-1: Ball
1-1: Ground out 5-3 (Groundball, 5S)
Vincente López to second
Batting: LHB Arlen Powers 0-0: Ball
1-0: Ball
2-0: SINGLE (Flyball, 7LS)
Vincente López to third
Batting: LHB Cade Brown 0-0: Called Strike
0-1: Ball
1-1: Ball
2-1: Called Strike
2-2: Foul Ball, location: 2F
2-2: Strikes out swinging
Batting: RHB Vernon Harris 0-0: Ball
1-0: Foul Ball, location: 2F
1-1: Foul Ball, location: 2F
1-2: Ball
2-2: Ball
3-2: DOUBLE (Line Drive, 9LS)
Vincente López scores
Arlen Powers to third
Arlen Powers scores
Batting: RHB Ed Nygaard 0-0: Fly out, F9 (Flyball, 89M)
Top of the 2nd over - 2 run(s), 2 hit(s), 0 error(s), 1 left on base; Beaverton 2 - El Paso 1
BOTTOM OF THE 2ND
El Paso Texans batting - Pitching for Beaverton Bronze Souls : RHP Ben Hepworth
Batting: RHB Andrew O'Dell 0-0: Swinging Strike
0-1: Ball
1-1: Swinging Strike
1-2: Ground out 5-3 (Groundball, 5S)
Batting: LHB Cipriano Rangel 0-0: Called Strike
0-1: Ball
1-1: Ball
2-1: Ball
3-1: Called Strike
3-2: Fly out, F9 (Flyball, 9S)
Batting: LHB Dave Tucker 0-0: Foul Ball, location: 2F
0-1: Called Strike
0-2: Fly out, F9 (Flyball, 89D)
Bottom of the 2nd over - 0 run(s), 0 hit(s), 0 error(s), 0 left on base; Beaverton 2 - El Paso 1
TOP OF THE 3RD
Beaverton Bronze Souls batting - Pitching for El Paso Texans : RHP Carlos Sánchez
Batting: RHB Rubén Ramírez 0-0: Foul Ball, location: 2F
0-1: Ball
1-1: Ball
2-1: Swinging Strike
2-2: Ground out 4-3 (Groundball, 4)
Batting: LHB Gabriel Aguilera 0-0: Swinging Strike
0-1: Swinging Strike
0-2: Foul Ball, location: 2F
0-2: Ball
1-2: Ball
2-2: Strikes out swinging
Batting: RHB José Dávila 0-0: Ball
1-0: Foul Ball, location: 2F
1-1: Foul Ball, location: 2F
1-2: Strikes out swinging
Top of the 3rd over - 0 run(s), 0 hit(s), 0 error(s), 0 left on base; Beaverton 2 - El Paso 1
BOTTOM OF THE 3RD
El Paso Texans batting - Pitching for Beaverton Bronze Souls : RHP Ben Hepworth
Batting: RHB Domingo Morales 0-0: Foul Ball, location: 2F
0-1: Ball
1-1: Ball
2-1: Foul Ball, location: 2F
2-2: Ball
3-2: Foul Ball, location: 2F
3-2: Ground out 5-3 (Groundball, 56S)
Batting: RHB Rafael Crus 0-0: Ball
1-0: Ball
2-0: Called Strike
2-1: Ground out 6-3 (Groundball, 6)
Batting: RHB Cole Boehmer 0-0: Called Strike
0-1: Ball
1-1: Swinging Strike
1-2: Foul Ball, location: 2F
1-2: Foul Ball, location: 2F
1-2: Strikes out swinging
Bottom of the 3rd over - 0 run(s), 0 hit(s), 0 error(s), 0 left on base; Beaverton 2 - El Paso 1
TOP OF THE 4TH
Beaverton Bronze Souls batting - Pitching for El Paso Texans : RHP Carlos Sánchez
Batting: RHB Vincente López 0-0: Foul Ball, location: 2F
0-1: Foul Ball, location: 2F
0-2: Ball
1-2: Ball
2-2: Strikes out swinging
Batting: RHB Pedro Rivera 0-0: Called Strike
0-1: Ball
1-1: Ball
2-1: Called Strike
2-2: Strikes out looking
Batting: LHB Arlen Powers 0-0: Called Strike
0-1: Ball
1-1: Ground out 6-3 (Groundball, 6M)
Top of the 4th over - 0 run(s), 0 hit(s), 0 error(s), 0 left on base; Beaverton 2 - El Paso 1
BOTTOM OF THE 4TH
El Paso Texans batting - Pitching for Beaverton Bronze Souls : RHP Ben Hepworth
Batting: RHB Marvin Johnson 0-0: Ball
1-0: Ball
2-0: Ball
3-0: Called Strike
3-1: Foul Ball, location: 2F
3-2: Base on Balls
Batting: RHB José Murillo 0-0: Ball
1-0: Ball
2-0: Called Strike
2-1: Foul Ball, location: 2F
2-2: Foul Ball, location: 2F
2-2: Ball
3-2: Grounds into double play, 5-4-3 (Groundball, 5)
Batting: RHB Javier Álvarez 0-0: Called Strike
0-1: Foul Ball, location: 2F
0-2: DOUBLE (Line Drive, 7LM)
Batting: RHB Andrew O'Dell 0-0: Ball
1-0: Called Strike
1-1: Called Strike
1-2: DOUBLE (Line Drive, 78D)
Javier Álvarez scores
Batting: LHB Cipriano Rangel 0-0: Fly out, F7 (Flyball, 7S)
Bottom of the 4th over - 1 run(s), 2 hit(s), 0 error(s), 1 left on base; Beaverton 2 - El Paso 2
TOP OF THE 5TH
Beaverton Bronze Souls batting - Pitching for El Paso Texans : RHP Carlos Sánchez
Batting: LHB Cade Brown 0-0: Called Strike
0-1: Ball
1-1: Ground out 4-3 (Groundball, 4)
Batting: RHB Vernon Harris 0-0: Ball
1-0: Ball
2-0: Ball
3-0: Called Strike
3-1: Fly out, F8 (Flyball, 8LM)
Batting: RHB Ed Nygaard 0-0: Called Strike
0-1: Ball
1-1: Ground out 1-3 (Groundball, 15S)
Top of the 5th over - 0 run(s), 0 hit(s), 0 error(s), 0 left on base; Beaverton 2 - El Paso 2
BOTTOM OF THE 5TH
El Paso Texans batting - Pitching for Beaverton Bronze Souls : RHP Ben Hepworth
Batting: LHB Dave Tucker 0-0: SINGLE (Flyball, 89S)
Batting: RHB Domingo Morales 0-0: Ball
1-0: Swinging Strike
1-1: Called Strike
1-2: Fly out, F7 (Flyball, 7)
Batting: RHB Rafael Crus 0-0: Called Strike
0-1: Foul Ball, location: 2F
0-2: Fly out, F9 (Line Drive, 9)
Batting: RHB Cole Boehmer 0-0: Ball
1-0: Fielders Choice at 2nd, 6-4 (Groundball, 56)
Bottom of the 5th over - 0 run(s), 1 hit(s), 0 error(s), 0 left on base; Beaverton 2 - El Paso 2
TOP OF THE 6TH
Beaverton Bronze Souls batting - Pitching for El Paso Texans : RHP Carlos Sánchez
Batting: RHB Rubén Ramírez 0-0: Ball
1-0: Ball
2-0: Called Strike
2-1: Ball
3-1: Ground out 4-3 (Groundball, 4M)
Batting: LHB Gabriel Aguilera 0-0: Called Strike
0-1: Ground out 1-3 (Groundball, P)
Batting: RHB José Dávila 0-0: Foul Ball, location: 2F
0-1: Ball
1-1: Foul Ball, location: 2F
1-2: Fly out, F4 (Line Drive, 4MD)
Top of the 6th over - 0 run(s), 0 hit(s), 0 error(s), 0 left on base; Beaverton 2 - El Paso 2
BOTTOM OF THE 6TH
El Paso Texans batting - Pitching for Beaverton Bronze Souls : RHP Ben Hepworth
Batting: RHB Marvin Johnson 0-0: Ball
1-0: Ball
2-0: Called Strike
2-1: Ball
3-1: Called Strike
3-2: Foul Ball, location: 2F
3-2: Strikes out looking
Pitching: RHP Arturo García
Batting: RHB José Murillo 0-0: Hit by Pitch
Batting: RHB Javier Álvarez 0-0: Ball
1-0: Ball
2-0: Called Strike
2-1: Ball
3-1: Base on Balls
José Murillo to second
Batting: RHB Andrew O'Dell 0-0: Foul Ball, location: 2F
0-1: Foul Ball, location: 2F
0-2: Fly out, F9 (Line Drive, 9)
Batting: LHB Cipriano Rangel 0-0: Swinging Strike
0-1: Ball
1-1: Called Strike
1-2: Ball
2-2: Ball
3-2: Foul Ball, location: 2F
3-2: Foul Ball, location: 2F
3-2: Foul Ball, location: 2F
3-2: Foul Ball, location: 2F
3-2: Fly out, F6 (Popup, 6D)
Bottom of the 6th over - 0 run(s), 0 hit(s), 0 error(s), 2 left on base; Beaverton 2 - El Paso 2
TOP OF THE 7TH
Beaverton Bronze Souls batting - Pitching for El Paso Texans : RHP Carlos Sánchez
Pitching: RHP Juan Villa
Pinch Hitting: RHB Michael Fisher 0-0: Ball
1-0: Foul Ball, location: 2F
1-1: Ball
2-1: Foul Ball, location: 2F
2-2: Ball
3-2: Base on Balls
Pinch Hitting: RHB Joe Brinkman 0-0: Called Strike
0-1: Called Strike
0-2: Ball
1-2: Ball
2-2: Strikes out looking
Batting: LHB Arlen Powers Pickoff Throw to First - Out!
0-0: Ball
1-0: Called Strike
1-1: Ground out 3-1 (Groundball, 34)
Top of the 7th over - 0 run(s), 0 hit(s), 0 error(s), 0 left on base; Beaverton 2 - El Paso 2
BOTTOM OF THE 7TH
El Paso Texans batting - Pitching for Beaverton Bronze Souls : RHP Arturo García
Now at SS: Michael Fisher
Now in LF: José Fernández
Pinch Hitting: LHB John Fitzgerald 0-0: Called Strike
0-1: Fly out, F7 (Flyball, 7S)
Pinch Hitting: RHB John Wilson 0-0: Ball
1-0: Called Strike
1-1: Ball
2-1: Called Strike
2-2: Strikes out looking
Batting: RHB Rafael Crus 0-0: Ball
1-0: Called Strike
1-1: Ground out 6-3 (Groundball, 56)
Bottom of the 7th over - 0 run(s), 0 hit(s), 0 error(s), 0 left on base; Beaverton 2 - El Paso 2
TOP OF THE 8TH
Beaverton Bronze Souls batting - Pitching for El Paso Texans : RHP Juan Villa
Now at 1B: John Fitzgerald
Now at 3B: John Wilson
Pinch Hitting: RHB Cameron Irwin 0-0: Ball
1-0: Called Strike
1-1: Called Strike
1-2: Foul Ball, location: 2F
1-2: Strikes out swinging, 2-3 out at first.
Batting: RHB Vernon Harris 0-0: Called Strike
0-1: Called Strike
0-2: Foul Ball, location: 2F
0-2: Ball
1-2: Strikes out swinging
Batting: RHB Ed Nygaard 0-0: Foul Ball, location: 2F
0-1: Swinging Strike
0-2: Strikes out swinging
Top of the 8th over - 0 run(s), 0 hit(s), 0 error(s), 0 left on base; Beaverton 2 - El Paso 2
BOTTOM OF THE 8TH
El Paso Texans batting - Pitching for Beaverton Bronze Souls : RHP Arturo García
Now at 1B: Ed Fuhrman
Batting: RHB Cole Boehmer 0-0: Called Strike
0-1: Ball
1-1: Ball
2-1: Ball
3-1: Base on Balls
Batting: RHB Marvin Johnson 0-0: Ball
1-0: Ball
2-0: Foul Ball, location: 2F
2-1: Ball
3-1: Swinging Strike
3-2: Strikes out swinging
Batting: RHB José Murillo 0-0: Ball
Wild Pitch!
Cole Boehmer to second
1-0: Called Strike
1-1: Ball
2-1: Ground out 6-3 (Groundball, 6)
Batting: RHB Javier Álvarez 0-0: Ball
1-0: Called Strike
1-1: Ball
2-1: Ground out 5-3 (Groundball, 5D)
Bottom of the 8th over - 0 run(s), 0 hit(s), 0 error(s), 1 left on base; Beaverton 2 - El Paso 2
TOP OF THE 9TH
Beaverton Bronze Souls batting - Pitching for El Paso Texans : RHP Juan Villa
Pitching: RHP Cliff Wolfe
Batting: RHB Rubén Ramírez 0-0: Foul Ball, location: 2F
0-1: Ball
1-1: Ball
2-1: Ground out 5-3 (Groundball, 56S)
Batting: LHB Gabriel Aguilera 0-0: Foul Ball, location: 2F
0-1: Ball
1-1: Swinging Strike
1-2: Ball
2-2: Strikes out looking
Batting: RHB José Dávila 0-0: Swinging Strike
0-1: Ball
1-1: Ground out 6-3 (Groundball, 6)
Top of the 9th over - 0 run(s), 0 hit(s), 0 error(s), 0 left on base; Beaverton 2 - El Paso 2
BOTTOM OF THE 9TH
El Paso Texans batting - Pitching for Beaverton Bronze Souls : RHP Arturo García
Pitching: LHP Lorenzo Guzmán
Batting: RHB Andrew O'Dell 0-0: Ball
1-0: Ball
2-0: Ball
3-0: Base on Balls
Pinch Hitting: SHB Richie Gallegos 0-0: Ball
1-0: Ball
2-0: Foul Ball, location: 2F
2-1: Bunted foul
2-2: Foul Ball, location: 2F
2-2: Strikes out swinging
Pinch Hitting: SHB Oliver Riley 0-0: Swinging Strike
0-1: Foul Ball, location: 2F
0-2: SINGLE (Line Drive, 6D)
Andrew O'Dell to second
Batting: RHB John Wilson 0-0: Called Strike
0-1: Swinging Strike
0-2: Ball
1-2: Ball
2-2: Foul Ball, location: 2F
2-2: Ball
3-2: Foul Ball, location: 2F
3-2: Foul Ball, location: 2F
3-2: Fly out, F9 (Flyball, 9LS)
Batting: RHB Rafael Crus 0-0: Ball
1-0: Called Strike
1-1: Called Strike
1-2: Ground out 5-3 (Groundball, 56S)
Bottom of the 9th over - 0 run(s), 1 hit(s), 0 error(s), 2 left on base; Beaverton 2 - El Paso 2
TOP OF THE 10TH
Beaverton Bronze Souls batting - Pitching for El Paso Texans : RHP Cliff Wolfe
Now at 1B: Oliver Riley
Now at SS: Jim Flynn
Batting: RHB Michael Fisher 0-0: Called Strike
0-1: Called Strike
0-2: Ball
1-2: Ball
2-2: Ball
3-2: Foul Ball, location: 2F
3-2: Foul Ball, location: 2F
3-2: DOUBLE (Flyball, 78D)
Pinch Hitting: RHB Nathan Smith 0-0: Intentional Walk
Batting: LHB Arlen Powers 0-0: Ground out U3 (Groundball, 3)
Michael Fisher to third
Nathan Smith to second
Batting: RHB Ed Fuhrman 0-0: Called Strike
0-1: Ball
1-1: Fly out, F4 (Popup, 4D)
Batting: RHB Vernon Harris 0-0: Ball
1-0: Ball
2-0: Fly out, F8 (Flyball, 8LD)
Top of the 10th over - 0 run(s), 1 hit(s), 0 error(s), 2 left on base; Beaverton 2 - El Paso 2
BOTTOM OF THE 10TH
El Paso Texans batting - Pitching for Beaverton Bronze Souls : LHP Lorenzo Guzmán
Now in LF: Nathan Smith
Batting: RHB Cole Boehmer 0-0: Foul Ball, location: 2F
0-1: Fly out, F7 (Flyball, 78M)
Batting: RHB Marvin Johnson 0-0: Ball
1-0: Foul Ball, location: 2F
1-1: Fly out, F8 (Flyball, 8LD)
Batting: RHB José Murillo 0-0: Called Strike
0-1: Swinging Strike
0-2: Ball
1-2: Ball
2-2: Strikes out looking
Bottom of the 10th over - 0 run(s), 0 hit(s), 0 error(s), 0 left on base; Beaverton 2 - El Paso 2
TOP OF THE 11TH
Beaverton Bronze Souls batting - Pitching for El Paso Texans : RHP Cliff Wolfe
Pitching: RHP Firmino Orsi
Pinch Hitting: RHB José López 0-0: Ball
1-0: Fly out, F8 (Flyball, 8RS)
Batting: RHB Rubén Ramírez 0-0: Foul Ball, location: 2F
0-1: Ball
1-1: Foul Ball, location: 2F
1-2: Strikes out looking
Batting: LHB Gabriel Aguilera 0-0: Called Strike
0-1: Called Strike
0-2: Strikes out looking
Top of the 11th over - 0 run(s), 0 hit(s), 0 error(s), 0 left on base; Beaverton 2 - El Paso 2
BOTTOM OF THE 11TH
El Paso Texans batting - Pitching for Beaverton Bronze Souls : LHP Lorenzo Guzmán
Now in CF: Chris White
Batting: RHB Javier Álvarez 0-0: Ball
1-0: SINGLE (Groundball, 6) (infield hit)
Pinch Runner at 1st Ralph McCullum:
Batting: RHB Andrew O'Dell 0-0: Ball
1-0: Called Strike
1-1: Fielders Choice at 2nd, 1-6 (Groundball, P)
Pitching: LHP Gabriel Rodríguez
Pinch Hitting: RHB Ken Fingers 0-0: Called Strike
0-1: Swinging Strike
0-2: Ball
1-2: Strikes out swinging
Batting: SHB Oliver Riley 0-0: Foul Ball, location: 2F
0-1: Ball
Pickoff Throw by Catcher to First - Out!
Bottom of the 11th over - 0 run(s), 1 hit(s), 0 error(s), 0 left on base; Beaverton 2 - El Paso 2
TOP OF THE 12TH
Beaverton Bronze Souls batting - Pitching for El Paso Texans : RHP Firmino Orsi
Now at SS: Ken Fingers
Batting: RHB José Dávila 0-0: Ball
1-0: Ball
2-0: Ball
3-0: Base on Balls
Batting: RHB Michael Fisher 0-0: Ball
José Dávila steals 2nd base
1-0: Ground out 5-3 (Groundball, 56)
Batting: RHB Nathan Smith 0-0: Intentional Walk
Pinch Hitting: RHB Marshall Gross 0-0: Ball
1-0: Ball
2-0: SINGLE (Line Drive, 4M)
José Dávila to third
Nathan Smith to second
Runner from 3rd tries for Home, throw and OUT!
Nathan Smith to third
Marshall Gross to second
Batting: RHB Ed Fuhrman 0-0: Foul Ball, location: 2F
0-1: Called Strike
0-2: Foul Ball, location: 2F
0-2: Ball
1-2: Ball
2-2: Foul Ball, location: 2F
2-2: Strikes out looking
Top of the 12th over - 0 run(s), 1 hit(s), 0 error(s), 2 left on base; Beaverton 2 - El Paso 2
BOTTOM OF THE 12TH
El Paso Texans batting - Pitching for Beaverton Bronze Souls : LHP Gabriel Rodríguez
Now at 3B: Carlos Carrillo
Batting: SHB Oliver Riley 0-0: Ball
1-0: Ball
2-0: Ground out 6-3 (Groundball, 6M)
Batting: RHB John Wilson 0-0: Called Strike
0-1: Ball
1-1: Fly out, F8 (Flyball, 8LD)
Batting: RHB Rafael Crus 0-0: Ball
1-0: Foul Ball, location: 2F
1-1: Foul Ball, location: 2F
1-2: Ball
2-2: Fly out, F5 (Line Drive, 56S)
Bottom of the 12th over - 0 run(s), 0 hit(s), 0 error(s), 0 left on base; Beaverton 2 - El Paso 2
TOP OF THE 13TH
Beaverton Bronze Souls batting - Pitching for El Paso Texans : RHP Firmino Orsi
Batting: RHB Vernon Harris 0-0: Ball
1-0: Ball
2-0: Ball
3-0: Called Strike
3-1: Foul Ball, location: 2F
3-2: Foul Ball, location: 2F
3-2: Fly out, F7 (Flyball, 7D)
Batting: LHB Chris White 0-0: Ball
1-0: Ball
2-0: Called Strike
2-1: Fly out, F6 (Popup, 6)
Batting: RHB Rubén Ramírez 0-0: Ball
1-0: Ball
2-0: Ball
3-0: Base on Balls
Pitching: LHP Mark De Jesús
Batting: LHB Gabriel Aguilera 0-0: Ball
1-0: Swinging Strike
1-1: Called Strike
1-2: Foul Ball, location: 2F
1-2: Fly out, F7 (Line Drive, 78D)
Top of the 13th over - 0 run(s), 0 hit(s), 0 error(s), 1 left on base; Beaverton 2 - El Paso 2
BOTTOM OF THE 13TH
El Paso Texans batting - Pitching for Beaverton Bronze Souls : LHP Gabriel Rodríguez
Batting: RHB Cole Boehmer 0-0: SINGLE (Flyball, 89M)
Batting: RHB Marvin Johnson 0-0: Called Strike
0-1: Foul Ball, location: 2F
0-2: Ball
1-2: Foul Ball, location: 2F
1-2: Foul Ball, location: 2F
1-2: Strikes out swinging
Pitching: RHP Marcos Reyes
Batting: RHB José Murillo 0-0: Called Strike
0-1: Ball
1-1: SINGLE (Line Drive, 4MD)
Cole Boehmer to second
Batting: RHB Ralph McCullum 0-0: Foul Ball, location: 2F
0-1: Ball
1-1: Foul Ball, location: 2F
1-2: 3-RUN HOME RUN (Flyball, 7D), Distance : 403 ft
Tuesday, August 8th, 2017 - OOTP Baseball 17.12 Build 75